 Dungeon Crawl Stone Soup version 0.30-a0-553-g7fabdf1491 (webtiles) character file.

Game seed: 14037798334684181830

11224 bmack86 the Cleaver (level 11, -8/100 HPs)
             Began as a Minotaur Fighter on Dec 27, 2022.
             Was an Elder of Okawaru.
             Mangled by an ogre
             ... wielding a +0 giant spiked club
             ... led by Lodul
              (12 damage)
             ... on level 10 of the Dungeon.
             The game lasted 00:31:27 (8826 turns).

bmack86 the Cleaver (Minotaur Fighter)              Turns: 8826, Time: 00:31:28

Health: -8/100     AC: 23    Str: 24    XL:     11   Next: 46%
Magic:  10/13      EV: 13    Int:  5    God:    Okawaru [****..]
Gold:   612        SH:  8    Dex: 11    Spells: 10/10 levels left

rFire   . . .      SeeInvis .    a - +1 war axe
rCold   . . .      Faith    .    c - +0 buckler
rNeg    + . .      Spirit   .    z - +0 plate armour
rPois   .          Reflect  .    I - +2 hat
rElec   .          Harm     .    t - +0 cloak
rCorr   .          Rampage  .    q - +1 pair of gloves
Will    .....                    (no boots) Stlth
                                 (no amulet)
HPRegen 0.36/turn                i - ring of positive energy
MPRegen 0.13/turn                m - +4 ring of evasion

@: heroic, studying Shields
A: horns 2, retaliatory headbutt
a: Renounce Religion, Heroism, Finesse


You were on level 10 of the Dungeon.
You worshipped Okawaru.
Okawaru was greatly pleased with you.
You visited 2 branches of the dungeon, and saw 11 of its levels.

You collected 612 gold pieces.

Inventory:

Hand Weapons
 a - a +1 war axe (weapon)
Missiles
 k - a silver boomerang (quivered)
 o - 23 poisoned darts
 x - 5 curare-tipped darts
 A - 8 silver javelins
 E - 3 datura-tipped darts
Armour
 c - a +0 buckler (worn)
 q - a +1 pair of gloves (worn)
 t - a +0 cloak (worn)
 z - a +0 plate armour (worn)
 I - a +2 hat (worn)
Jewellery
 i - a ring of positive energy (left hand)
 j - a ring of ice
 m - a +4 ring of evasion (right hand)
 v - a ring of positive energy
 L - a ring of poison resistance
Wands
 r - a wand of digging (2)
 B - a wand of polymorph (2)
 F - a wand of roots (10)
 M - a wand of flame (11)
Scrolls
 e - 4 scrolls of teleportation
 n - 2 scrolls of blinking
 y - 3 scrolls of poison
 C - 3 scrolls of enchant weapon
 D - a scroll of identify
 G - 2 scrolls of immolation
 H - a scroll of butterflies {unknown}
Potions
 b - 6 potions of curing
 d - 3 potions of might
 f - a potion of cancellation
 g - 2 potions of heal wounds
 h - 5 potions of brilliance
 l - a potion of attraction
 p - a potion of berserk rage
 s - a potion of flight
 u - a potion of degeneration
 J - a potion of lignification
 K - 2 potions of ambrosia {unknown}
 N - a potion of magic {unknown}


   Skills:
 + Level 10.2(15.2) Fighting
 * Level 13.7(18.7) Axes
 - Level 4.2(9.2) Throwing
 + Level 10.3(15.3) Armour
 + Level 10.9(15.9) Shields
 + Level 4.3 Invocations


You had 10 spell levels left.
You didn't know any spells.
Your spell library contained the following spells:

 Spells                   Type           Power      Damage    Failure   Level
 Beastly Appendage        Tmut           0%         N/A       99%         1
 Kiss of Death            Conj/Necr      0%         2d5       99%         1
 Wereblood                Tmut           0%         N/A       100%        2
 Confusing Touch          Hex            0%         N/A       100%        3
 Frozen Ramparts          Ice            0%         1d1       100%        3
 Gell's Gravitas          Tloc           0%         N/A       100%        3
 Spider Form              Tmut/Pois      0%         N/A       100%        3
 Teleport Other           Tloc           0%         N/A       100%        3
 Dispel Undead            Necr           0%         3d6       100%        4
 Ice Form                 Ice/Tmut       0%         N/A       100%        4
 Petrify                  Tmut/Erth      0%         N/A       100%        4
 Metabolic Englaciation   Hex/Ice        0%         N/A       100%        5
 Dispersal                Tloc           0%         N/A       100%        6
 Statue Form              Tmut/Erth      0%         N/A       100%        6
 Summon Ice Beast         Ice/Summ       Unusable   N/A       N/A         4

Dungeon Overview and Level Annotations

Branches:
Dungeon (10/15)            Temple (1/1) D:5            Lair (0/5) D:9
    Orc: D:9-12

Altars:
Ashenzari
Cheibriados
Dithmenos
Elyvilon
Fedhas
Gozag
Hepliaklqana
Kikubaaqudgha
Makhleb
Nemelex Xobeh
Okawaru
Qazlal
Ru
Sif Muna
Trog
Uskayaw
Vehumet
Wu Jian
Xom
Yredelemnul
Zin
The Shining One

Shops:
D:2 (   D:4 [   D:9 (


Innate Abilities, Weirdness & Mutations

You have a pair of horns on your head.
You reflexively headbutt those who attack you in melee.


Message History

You kill the ogre!
Okawaru accepts your kill.
You slash the ogre! You slash Lodul!
The ogre hits you with a +0 giant club!!
* * * LOW HITPOINT WARNING * * *
You slash the ogre! Your headbutt misses the ogre.
The ogre is moderately wounded.
You hit Lodul. You barely miss the ogre. Lodul hits you with a +0 great mace!
* * * LOW HITPOINT WARNING * * *
You slice Lodul!!
Lodul is heavily wounded.
You slash the ogre! You hit the ogre.
An ogre breaks down the door.
The ogre hits you with a +0 giant club!
* * * LOW HITPOINT WARNING * * *
You slice Lodul!! You headbutt Lodul, but do no damage.
Lodul is severely wounded.
You hit the ogre but do no damage. You barely miss the ogre.
You block the ogre's attack. Lodul completely misses you.
You slice Lodul!!
You kill Lodul!
Okawaru accepts your kill.
You barely miss the ogre. You slice the ogre!!
You kill the ogre!
Okawaru accepts your kill. The ogre barely misses you.
Things that are here:
a +0 great mace; 472 gold pieces; the ogre corpse of Lodul You completely miss the ogre.
You headbutt the ogre!
The ogre is severely wounded.
You hit the ogre. You slash the ogre! The ogre closely misses you.
You block the ogre's attack.
You slice the ogre!!
You kill the ogre!
Okawaru accepts your kill.
You can now speed up your combat.
You hit the ogre. You slice the ogre!!
You kill the ogre!
Okawaru accepts your kill.
You hit the ogre but do no damage. You hit the ogre.
The ogre hits you with a +0 giant spiked club!
You die...

...#......)..#.....#....
...#####'##.............
...##.....#..#.#.#.#...
...##.....#..........
....#.....#.####..#
...##.....#.†.....#
...##.....#.......#
..........#.......##+####
...##.....#....)@.'.....#
#####.....#)....OO#.....#
..........#.####........#
..........#.. O###.....#
...########.. .. ..####
####.. ..# ... ...... ...
.... ...... .... ...
.##...


You could see 3 ogres.

Vanquished Creatures
  Gastronok (D:8)
  A two-headed ogre (D:9)
  Lodul (D:10)
  Pikel (D:7)
  The ghost of karrick the Cudgeller, a novice GrFi (D:5)
  2 trolls (D:9)
  A shadow (D:9)
  17 yaks
  2 wyverns
  2 steam dragons
  Menkaure (D:4)
  3 wargs (D:9)
  Edmund (D:4)
  Duvessa (D:4)
  4 orc warriors
  An ice beast (D:6)
  7 ogres
  A lemure (D:7)
  A phantom (D:5)
  A kobold brigand (D:7)
  A bullfrog (D:9)
  2 necrophages
  6 scorpions
  Dowan (D:4)
  15 wights
  8 killer bees (D:9)
  A crimson imp (D:9)
  A lava snake (D:7)
  2 jellies (D:8)
  13 orc priests
  5 hounds
  A gnoll bouda (D:8)
  Jessica (D:2)
  An iguana (D:4)
  7 orc wizards
  14 gnolls
  7 adders
  2 white imps
  An ufetubus (D:4)
  3 worms
  2 dart slugs
  28 orcs
  6 ball pythons
  5 bats
  6 endoplasms
  A giant cockroach (D:2)
  10 goblins
  5 hobgoblins
  6 jackals
  9 kobolds
  4 quokkas
  2 frilled lizards
  3 rats
229 creatures vanquished.

Notes
Turn   | Place    | Note
-------+----------+-------------------------------------------
     0 | D:1      | bmack86 the Minotaur Fighter began the quest for the Orb.
     0 | D:1      | Reached XP level 1. HP: 19/19 MP: 0/0
   327 | D:1      | Reached XP level 2. HP: 27/27 MP: 1/1
   497 | D:1      | Reached skill level 3 in Axes
   497 | D:1      | Found a faded altar of an unknown god.
   585 | D:2      | Noticed Jessica
   596 | D:2      | Killed Jessica
   597 | D:2      | Reached XP level 3. HP: 29/33 MP: 2/2
   635 | D:2      | Found Vuvveb's Weapon Shoppe.
   906 | D:2      | Reached XP level 4. HP: 31/40 MP: 3/3
  1211 | D:2      | Reached skill level 8 in Axes
  1211 | D:2      | Reached XP level 5. HP: 51/51 MP: 4/4
  1417 | D:3      | Found a radiant altar of Vehumet.
  1574 | D:3      | Reached skill level 9 in Axes
  1618 | D:3      | Reached XP level 6. HP: 54/60 MP: 5/5
  2057 | D:4      | Found Siobom's Antique Armour Shop.
  2335 | D:4      | Noticed Duvessa
  2336 | D:4      | Noticed Dowan
  2346 | D:4      | Killed Duvessa
  2350 | D:4      | Found a basalt altar of Yredelemnul.
  2350 | D:4      | Found a shimmering altar of Xom.
  2354 | D:4      | Found an opulent altar of Gozag.
  2369 | D:4      | Killed Dowan
  2370 | D:4      | Reached XP level 7. HP: 19/66 MP: 6/6
  2532 | D:4      | Found a blossoming altar of Fedhas.
  2539 | D:4      | Found a shimmering blue altar of Sif Muna.
  2546 | D:4      | Found a hide-covered altar of Uskayaw.
  2563 | D:4      | Found a glowing golden altar of the Shining One.
  2650 | D:4      | Noticed Menkaure
  2660 | D:4      | Killed Menkaure
  2940 | D:4      | Noticed Edmund
  2951 | D:4      | Killed Edmund
  3287 | D:5      | Entered Level 5 of the Dungeon
  3303 | D:5      | Reached skill level 10 in Axes
  3303 | D:5      | Reached XP level 8. HP: 66/72 MP: 7/7
  3425 | D:5      | Found a transporter.
  3430 | D:5      | Noticed karrick's ghost (novice GrFi)
  3432 | D:5      | Identified the +7 dire flail of Putrescence {vorpal, rC+}
  3438 | D:5      | Found a transporter.
  3809 | D:5      | Found a staircase to the Ecumenical Temple.
  3822 | Temple   | Entered the Ecumenical Temple
  3901 | Temple   | Became a worshipper of Warmaster Okawaru
  4127 | D:5      | Killed karrick's ghost
  4260 | D:6      | Found a white marble altar of Elyvilon.
  4304 | D:6      | Reached XP level 9. HP: 67/80 MP: 8/8
  4315 | D:6      | Reached * piety under Okawaru
  4407 | D:6      | Found a sacrificial altar of Ru.
  4548 | D:6      | Reached skill level 11 in Axes
  5013 | D:7      | Noticed Pikel
  5025 | D:7      | Killed Pikel
  5570 | D:7      | Reached ** piety under Okawaru
  5731 | D:7      | Found an ancient bone altar of Kikubaaqudgha.
  5731 | D:7      | Found an ornate altar of the Wu Jian Council.
  6047 | D:8      | Reached skill level 1 in Invocations
  6064 | D:8      | Reached XP level 10. HP: 57/90 MP: 7/10
  6413 | D:8      | Noticed Gastronok
  6417 | D:8      | Reached skill level 12 in Axes
  6431 | D:8      | Killed Gastronok
  6431 | D:8      | Reached *** piety under Okawaru
  7007 | D:9      | Received a gift from Okawaru
  7327 | D:8      | Identified a scroll of acquirement
  7327 | D:8      | Acquired a manual of Shields
  7568 | D:9      | Found a staircase to the Lair.
  7622 | D:9      | Reached XP level 11. HP: 97/99 MP: 9/12
  7827 | D:9      | Noticed a two-headed ogre
  7833 | D:9      | Received a gift from Okawaru
  7834 | D:9      | Reached skill level 13 in Axes
  7839 | D:9      | Reached skill level 10 in Shields
  7850 | D:9      | Reached skill level 10 in Armour
  7854 | D:9      | Killed a two-headed ogre
  7854 | D:9      | Reached **** piety under Okawaru
  7858 | D:9      | HP: 2/99 [yak (12)]
  8187 | D:9      | Reached skill level 10 in Fighting
  8529 | D:9      | Found Hutahoffay's Antique Weapon Emporium.
  8703 | D:10     | Entered Level 10 of the Dungeon
  8810 | D:10     | Noticed Lodul
  8820 | D:10     | HP: 3/99 [ogre/+0 giant club[Lodul] (8)]
  8822 | D:10     | Killed Lodul
  8826 | D:10     | Mangled by an ogre

Illustrated notes

Levels and vault maps discovered:
D:1:      wander_arrival_peaceful_grave, layout_basic,
          hellmonk_ecumenical_altar_prayer_group, minmay_tripent
D:2:      layout_rooms, serial_shops, nicolae_diamond_shop,
          kennysheep_generic_room_14, uniq_jessica
D:3:      layout_basic, vehumet_crystals
D:4:      layout_rooms, grunt_temple_overflow_octagram,
          nicolae_wooded_promenade, grunt_tough_drop, uniq_menkaure,
          uniq_duvessa, uniq_edmund
D:5:      kennysheep_big_flooded_room, layout_gridville, temple_pool_b,
          gammafunk_ghost_smash
D:6:      layout_rooms, hangedman_ru_absence,
          mainiacjoe_overflow_concentric_impassable
D:7:      layout_gridville, nicolae_overflow_two_pavilions,
          kennysheep_generic_room_11, uniq_pikel
D:8:      layout_layer_cave, uniq_gastronok
D:9:      layout_cave_pools, erik_lair_orcish_takeover, serial_shops,
          nicolae_shop_hallway_stairs, minmay_fire_ice_demons
D:10:     layout_stronghold, st_stairs_2, grunt_decor_one_mirror, uniq_lodul
Temple:   compressed_dpeg_circular_temple

Skill      XL: |  1  2  3  4  5  6  7  8  9 10 11 |
---------------+----------------------------------+-----
Axes           | 3 8 9 10 11 12 13 | 13.7
Fighting       | 4 6 7 8 9 10 | 10.2
Armour         | 4 7 8 9 10 | 10.3
Shields        | 4 6 7 8 9 10 | 10.9
Throwing       | 4 |  4.2
Invocations    | 1 3 4 |  4.3

Action                   |  1- 3 |  4- 6 |  7- 9 | 10-12 || total
-------------------------+-------+-------+-------+-------++-------
Melee: War axe           |    57 |    68 |   193 |   226 ||   544
       Headbutt          |     4 |     8 |    47 |    57 ||   116
Throw: Boomerang         |       |    13 |       |       ||    13
Invok: Heroism           |       |       |     3 |    10 ||    13
  Use: Scroll            |     2 |     6 |    10 |     3 ||    21
       Potion            |       |     1 |     1 |     1 ||     3
Armor: Scale mail        |    41 |    23 |       |       ||    64
       Chain mail        |       |    15 |    23 |       ||    38
       Plate armour      |       |       |    59 |   112 ||   171
Dodge: Dodged            |    44 |    43 |    91 |   116 ||   294
Block: Buckler           |    22 |    21 |    62 |    80 ||   185

Table legend: (Time is in decaauts)
 A = Elapsed time spent in this place.
 B = Non-inter-level travel time spent in this place.
 C = Inter-level travel time spent in this place.
 D = Time resting spent in this place.
 E = Time spent auto-exploring this place.
 F = Levels seen in this place.
 G = Mean time per level.
                   A        B        C        D        E       F      G
               +--------+--------+--------+--------+--------+-----+--------+
         Total |   8822 |   8717 |    105 |   1272 |   4776 |  11 |  802.0 |
       Dungeon |   8723 |   8618 |    105 |   1272 |   4776 |  10 |  872.3 |
        Temple |     98 |     98 |      0 |      0 |      0 |   1 |   98.0 |
               +--------+--------+--------+--------+--------+-----+--------+

Top non-repeatable levels by time:
     D:9: 1467 daAuts
     D:8: 1321 daAuts
     D:4: 1248 daAuts
     D:7: 1000 daAuts
     D:5: 856 daAuts
     D:3: 761 daAuts
     D:2: 727 daAuts
     D:6: 641 daAuts
     D:1: 580 daAuts
    D:10: 119 daAuts
  Temple: 98 daAuts
